 Dungeon Crawl Stone Soup version 0.21.1-1-g345015fe64 (webtiles) character file.

210 DildoBatman the Skirmisher (level 6, -2/48 HPs)
             Began as a Formicid Enchanter on Apr 2, 2018.
             Killed by nerve-wracking pain
             ... invoked by an orc priest
              (10 damage)
             ... on level 3 of the Dungeon.
             The game lasted 00:08:18 (3637 turns).

DildoBatman the Skirmisher (Formicid Enchanter)     Turns: 3637, Time: 00:08:19

Health: -2/48      AC:  6    Str: 15    XL:     6   Next: 12%
Magic:  0/9        EV: 11    Int: 14    God:
Gold:   136        SH:  0    Dex: 11    Spells: 5/9 levels left

rFire    . . .     SeeInvis +   a - +1 dagger
rCold    . . .     Gourm    .   (no shield)
rNeg     . . .     Faith    .   i - +0 ring mail
rPois    .         Spirit   +   (helmet unavailable)
rElec    .         Reflect  .   (no cloak)
rCorr    .         Harm     .   s - +0 pair of gloves
MR       .....                  (no boots)
Stlth    ++........             d - amulet of guardian spirit
HPRegen  0.16/turn              (no ring)
MPRegen  0.11/turn              (no ring)

@: no status effects
A: permanent stasis, dig shafts and tunnels, four strong arms, antennae 3
a: Dig, Shaft Self


You were on level 3 of the Dungeon.
You were not hungry.

You visited 1 branch of the dungeon, and saw 3 of its levels.

You collected 136 gold pieces.

Inventory:

Hand Weapons
 a - a +1 dagger (weapon)
 b - a +0 mace
Missiles
 e - 18 sling bullets
 l - 6 steel tomahawks (quivered)
 n - 38 poisoned needles
 x - 93 stones
Armour
 i - a +0 ring mail (worn)
 s - a +0 pair of gloves (worn)
Magical Staves
 r - an uncursed staff of poison {unknown}
Jewellery
 d - an amulet of guardian spirit (around neck)
Scrolls
 g - 4 scrolls of identify {unknown}
 h - 2 scrolls of remove curse {unknown}
 o - 2 scrolls of blinking {unknown}
 p - a scroll of teleportation {unknown}
 t - a scroll of fog {unknown}
 w - a scroll of amnesia {unknown}
Potions
 j - 2 potions of ambrosia {unknown}
 k - a potion of flight {unknown}
 m - 2 potions of curing {unknown}
 q - 2 potions of haste {unknown}
 u - a potion of mutation {unknown}
Books
 c - a book of Maledictions

   Spells                             Type                      Level
   a - Corona                         Hexes                        1
   b - Ensorcelled Hibernation        Hexes/Ice                    2
   c - Confuse                        Hexes                        3
   d - Tukima's Dance                 Hexes                        3
   e - Dazzling Spray                 Conjuration/Hexes            3
Comestibles
 f - 4 chunks of flesh
 v - 3 rations


   Skills:
 * Level 4.3 Fighting
 - Level 1.0 Short Blades
 * Level 3.4 Armour
 - Level 2.0 Dodging
 - Level 4.0 Stealth
 - Level 2.1 Spellcasting
 - Level 3.6 Hexes


You had 5 spell levels left.
You knew the following spells:

 Your Spells              Type           Power        Failure   Level  Hunger
a - Corona                Hex            ##.....      10%         1    #......
b - Confuse               Hex            ##......     30%         3    ###....


Dungeon Overview and Level Annotations

Branches:
Dungeon (3/15)

Altars:
Trog


Innate Abilities, Weirdness & Mutations

You cannot be hasted, slowed, berserked, paralysed or teleported.
You can dig through walls and to a lower floor.
Your four strong arms can wield two-handed weapons with a shield.
You have a pair of large antennae on your head. (SInv)


Message History

You hit the orc priest but do no damage.
The orc priest is almost dead.
The orc priest invokes the aid of Beogh against you.
Pain shoots through your body!
You completely miss the orc priest.
The orc priest is almost dead.
The orc priest hits you.
A jackal comes into view.
You hit the orc priest but do no damage.
The orc priest is almost dead.
The orc priest hits you.
You hit the orc priest but do no damage.
The orc priest is almost dead.
The orc priest stops glowing.
The orc priest barely misses you.
You barely miss the orc priest.
The orc priest is almost dead.
The orc priest invokes the aid of Beogh against you.
Pain shoots through your body!
You die...

. ############## .
#@#..........# .##
######o#.....<....# ..#
#....or#..........# ..#
#.....hh..........# ..#######
#......#....$o...%#
......>...............o.......
#.####.#
##............>.......
.........
#................?...
...o.....
#....................


You could see an orc priest, an orc, 2 jackals and a rat.

Vanquished Creatures
  2 orc priests
  5 adders (D:2)
  2 oozes
  A worm (D:2)
  3 leopard geckos
  10 orcs
  A ball python (D:2)
  2 bats (D:1)
  2 giant cockroaches (D:2)
  7 goblins
  15 hobgoblins
  5 jackals
  2 quokkas
  5 frilled lizards
  8 kobolds
  10 rats
80 creatures vanquished.

Notes
Turn   | Place    | Note
-------+----------+-------------------------------------------
     0 | D:1      | DildoBatman the Formicid Enchanter began the quest for the Orb.
     0 | D:1      | Reached XP level 1. HP: 13/13 MP: 3/3
   114 | D:1      | Reached skill level 1 in Fighting
   173 | D:1      | Reached XP level 2. HP: 21/21 MP: 3/5
   595 | D:1      | Reached XP level 3. HP: 27/28 MP: 2/6
   600 | D:1      | Learned a level 3 spell: Confuse
  1020 | D:2      | Reached XP level 4. HP: 21/35 MP: 2/7
  1308 | D:2      | Reached skill level 1 in Armour
  2002 | D:2      | Reached XP level 5. HP: 41/41 MP: 6/8
  2482 | D:3      | Found a bloodstained altar of Trog.
  3175 | D:2      | HP: 1/42 [orc priest/divine providence (10)]
  3177 | D:2      | Reached XP level 6. HP: 2/48 MP: 1/9
  3637 | D:3      | Killed from afar by an orc priest

Skill      XL: |  1  2  3  4  5 |
---------------+----------------+-----
Fighting       | 1 2 3 4 |  4.3
Dodging        | 2 |  2.0
Armour         | 2 3 |  3.4
Stealth        | 4 |  4.0
Short Blades   | |  1.0
Spellcasting   | |  2.1
Hexes          | |  3.6

Action                   |  1- 3 |  4- 6 || total
-------------------------+-------+-------++-------
Melee: Dagger            |   105 |   299 ||   404
       Mace              |       |    11 ||    11
 Cast: Corona            |    20 |    69 ||    89
 Abil: Dig               |       |     2 ||     2
 Stab: Sleeping          |     2 |     4 ||     6
  Eat: Chunk             |     1 |    10 ||    11
Armor: Robe              |     6 |       ||     6
       Ring mail         |    37 |   105 ||   142
Dodge: Dodged            |    55 |   165 ||   220
